 Dungeon Crawl Stone Soup version 0.21-a0-279-g6037ffb (webtiles) character file.

11069 Joz the Unseen (level 11, -5/53 HPs)
             Began as a Spriggan Enchanter on Sept 24, 2017.
             Was a Priest of Dithmenos.
             Slain by a minotaur (12 damage)
             ... in a labyrinth.
             The game lasted 00:34:05 (16589 turns).

Joz the Unseen (Spriggan Enchanter)                Turns: 16589, Time: 00:34:05

Health: -5/53      AC:  7    Str:  6    XL:     11   Next: 44%
Magic:  14/25      EV: 25    Int: 18    God:    Dithmenos [***...]
Gold:   529        SH:  0    Dex: 19    Spells: 17/29 levels left

rFire    . . .     SeeInvis +   j - +0 dagger (venom)
rCold    . . .     Gourm    .   (shield restricted)
rNeg     . . .     Faith    .   b - +2 robe
rPois    .         Spirit   .   (helmet restricted)
rElec    +         Reflect  .   m - scarf {repulsion}
rCorr    +         Harm     .   (gloves unavailable)
MR       +....                  (boots unavailable)
Stlth    +++++++++.             t - amulet of rage
HPRegen  0.17/turn              x - ring of resist corrosion
MPRegen  0.19/turn              B - ring of flight

@: very slightly contaminated, wreathed by umbra, invisible, repel missiles,
very quick
A: unfitting armour, thin skeletal structure 1, yellow scales 1, see invisible,
herbivore 3, speed 3, shaggy fur 1, electricity resistance, slow metabolism 2
a: Shadow Step, Renounce Religion, Evoke Berserk Rage, Evoke Flight


You were in a labyrinth.
You worshipped Dithmenos.
Dithmenos was most pleased with you.
You were very full.

You visited 2 branches of the dungeon, and saw 12 of its levels.
You also visited: Labyrinth and Sewer.

You collected 529 gold pieces.

Inventory:

Hand Weapons
 a - a +1 dagger
 j - a +0 dagger of venom (weapon)
 C - a +1 dagger of speed
Missiles
 v - 2 throwing nets (quivered)
Armour
 b - a +2 robe (worn)
 m - a scarf of repulsion (worn)
 q - a +0 robe of fire resistance
Jewellery
 t - an amulet of rage (around neck)
 x - a ring of resist corrosion (left hand)
 B - a ring of flight (right hand)
Wands
 g - a wand of iceblast (11/15)
 y - a wand of paralysis (20/24)
Scrolls
 h - 6 scrolls of teleportation
 i - a scroll of enchant armour
 p - a scroll of recharging
 r - 2 scrolls of amnesia
 s - 2 scrolls of fog
 w - a scroll of remove curse
Potions
 c - 3 potions of flight
 f - 2 potions of brilliance {unknown}
 n - a potion of agility {unknown}
 o - a potion of lignification {unknown}
 u - a potion of haste
 z - 2 potions of resistance
Comestibles
 d - 5 bread rations
 A - 16 fruits


   Skills:
 + Level 4.0 Fighting
 + Level 6.3 Short Blades
 + Level 8.5 Dodging
 + Level 16.7 Stealth
 + Level 9.7 Spellcasting
 + Level 9.5 Hexes


You had 17 spell levels left.
You knew the following spells:

 Your Spells              Type           Power        Failure   Level  Hunger
a - Ensorcelled Hibernat  Hex/Ice        ####..       1%          2    None
b - Corona                Hex            #####..      1%          1    None
c - Confuse               Hex            #####...     1%          3    None
d - Tukima's Dance        Hex            #####...     1%          3    None
e - Dazzling Spray        Conj/Hex       ####..       3%          3    None


Dungeon Overview and Level Annotations

Branches:
Dungeon (11/15)            Temple (1/1) D:6            Lair (0/6) D:8
    Orc (0/2) D:10

Altars:
Ashenzari
Cheibriados
Dithmenos
Elyvilon
Fedhas
Gozag
Hepliaklqana
Kikubaaqudgha
Makhleb
Nemelex Xobeh
Okawaru
Qazlal
Ru
Sif Muna
Trog
Uskayaw
Vehumet
Wu Jian
Xom
Yredelemnul
Zin
The Shining One


Innate Abilities, Weirdness & Mutations

You are very small and have problems with some larger weapons.
You are too small for most types of armour.
You have supernaturally acute eyesight. (SInv)
You are a herbivore.
You cover ground extremely quickly.
You need consume almost no food.
You have a somewhat thin skeletal structure. (Dex +2, Stealth)
You are partially covered in yellow scales. (AC +2)
You are covered in fur. (AC +1)
You are resistant to electric shocks. (rElec)


Message History

You hit the minotaur but do no damage. The minotaur hits you!!
Ouch! That really hurt!
You emit a cloud of dark smoke.
The minotaur gores you!
* * * LOW HITPOINT WARNING * * *
You are too injured to fight recklessly!
You are too injured to fight recklessly!
You are too injured to fight recklessly!
You feel better.
You feel better. The minotaur completely misses you. The minotaur gores you!
* * * LOW HITPOINT WARNING * * *
You hit the minotaur but do no damage.
You catch the helpless minotaur completely off-guard!
You impale the minotaur!!
The minotaur is poisoned.
The minotaur is heavily wounded.
The minotaur completely misses you. The minotaur barely misses you.
You hit the minotaur but do no damage.
The minotaur is heavily wounded.
The minotaur hits you!
You die...

.# . # . # # ..
. . .# # ###
### ## ####
.... ...
......# ## # ##
# ###### # # ..
. . .. #(# .# #
# . .# #
#§#####.##..###
#...
#§§§@H§........
## #
###§###'###.###
#§#.....# # #
#.### . ... #.
≈≈<≈≈ ..#≈≈≈≈≈#
# #######


You could see a minotaur.

Vanquished Creatures
  2 two-headed ogres
  A cyclops (D:11)
  An elephant (D:8)
  The ghost of kohrah the Gusty, a novice DEAE (D:6)
  Grinder (D:3)
  A troll (D:9)
  A hippogriff (D:8)
  Sigmund (D:3)
  7 yaks
  A vampire (D:10)
  2 basilisks (D:8)
  A steam dragon (D:8)
  3 wargs (D:10)
  A water moccasin (D:10)
  2 black bears (D:10)
  3 sky beasts
  4 orc warriors
  5 ice beasts
  10 ogres
  4 centaurs
  The ghost of Conn321 the Firebug, an amateur DEFE of Vehumet (D:3)
  10 big kobolds
  5 bullfrogs
  3 killer bees
  5 scorpions
  13 wights
  A howler monkey (D:5)
  7 crimson imps
  3 bullfrog skeletons
  A centaur zombie (D:8)
  2 bullfrog zombies
  5 jellies
  8 orc priests
  6 hounds
  8 orc wizards
  A centaur skeleton (D:4)
  6 worker ants
  2 iguanas
  A killer bee zombie (D:6)
  A hound zombie (D:8)
  A worker ant zombie (D:8)
  9 adders
  5 river rats
  4 shadow imps
  4 oozes
  An adder skeleton (D:9)
  3 worms
  A dart slug (D:2)
  4 leopard geckos
  25 orcs
  6 giant cockroaches
  5 hobgoblins
  9 jackals
  6 quokkas
  4 ball pythons
  14 bats
  3 frilled lizards
  4 goblins (D:1)
  A jackal skeleton (D:5)
  22 kobolds
  13 rats
285 creatures vanquished.

Vanquished Creatures (collateral kills)
  An orc (D:6)
1 creature vanquished.

Vanquished Creatures (others)
  A river rat (D:3)
1 creature vanquished.

Grand Total: 287 creatures vanquished

Notes
Turn   | Place    | Note
-------+----------+-------------------------------------------
     0 | D:1      | Joz the Spriggan Enchanter began the quest for the Orb.
     0 | D:1      | Reached XP level 1. HP: 9/9 MP: 5/5
   811 | D:2      | Reached XP level 2. HP: 13/13 MP: 7/7
   815 | D:2      | Learned a level 2 spell: Ensorcelled Hibernation
  1969 | D:1      | Reached XP level 3. HP: 16/16 MP: 9/9
  2302 | D:2      | Gained mutation: You are partially covered in yellow scales. (AC +2) [potion of mutation]
  2302 | D:2      | Gained mutation: You are resistant to electric shocks. (rElec) [potion of mutation]
  2302 | D:2      | Gained mutation: You have a somewhat thin skeletal structure. (Dex +2, Stealth) [potion of mutation]
  2302 | D:2      | Gained mutation: You are covered in fur. (AC +1) [potion of mutation]
  2479 | D:2      | Found an iron altar of Okawaru.
  2872 | D:2      | Found a hazy altar of Hepliaklqana.
  2953 | D:3      | Noticed a sky beast
  2969 | D:2      | Learned a level 3 spell: Confuse
  2973 | D:2      | Learned a level 3 spell: Tukima's Dance
  2982 | D:3      | Killed a sky beast
  2982 | D:3      | Reached skill level 5 in Spellcasting
  2982 | D:3      | Reached skill level 5 in Hexes
  2982 | D:3      | Reached XP level 4. HP: 21/21 MP: 7/12
  2982 | D:3      | Reached XP level 5. HP: 24/24 MP: 7/13
  3336 | D:3      | Found a glowing drain.
  3336 | D:3      | Noticed Conn321's ghost (amateur DEFE)
  3381 | D:3      | Killed Conn321's ghost
  3398 | D:3      | Reached XP level 6. HP: 9/28 MP: 4/15
  3415 | Sewer    | Entered a sewer
  4494 | Sewer    | Reached skill level 5 in Stealth
  4494 | Sewer    | Reached XP level 7. HP: 26/32 MP: 18/18
  4780 | Sewer    | Reached skill level 6 in Stealth
  5299 | Sewer    | Reached skill level 7 in Stealth
  5630 | Sewer    | Reached skill level 8 in Stealth
  5906 | D:3      | Noticed Sigmund
  5910 | D:3      | Killed Sigmund
  5910 | D:3      | Reached skill level 9 in Stealth
  5941 | D:3      | Reached XP level 8. HP: 36/36 MP: 15/19
  6073 | D:3      | Learned a level 3 spell: Dazzling Spray
  6177 | D:3      | Found a burning altar of Makhleb.
  6190 | D:3      | Reached skill level 10 in Stealth
  6457 | D:3      | Noticed Grinder
  6475 | D:3      | Killed Grinder
  6475 | D:3      | Reached skill level 11 in Stealth
  6716 | D:3      | Found an ancient bone altar of Kikubaaqudgha.
  6917 | D:4      | Reached skill level 12 in Stealth
  7613 | D:4      | Reached skill level 13 in Stealth
  8089 | D:5      | Entered Level 5 of the Dungeon
  8551 | D:5      | Reached skill level 14 in Stealth
  8553 | D:5      | Reached XP level 9. HP: 33/39 MP: 7/20
  9288 | D:5      | Found a burning altar of Makhleb.
  9713 | D:5      | Reached skill level 15 in Stealth
 10044 | D:6      | Found a blossoming altar of Fedhas.
 10048 | D:6      | Found a sparkling altar of Nemelex Xobeh.
 10049 | D:6      | Found a radiant altar of Vehumet.
 10050 | D:6      | Found a hide-covered altar of Uskayaw.
 10090 | D:6      | You fall through a shaft for 2 floors!
 10178 | D:8      | Found a shadowy altar of Dithmenos.
 10184 | D:8      | Noticed a two-headed ogre
 10206 | D:8      | Became a worshipper of Dithmenos the Shadowed
 10384 | D:8      | Killed a two-headed ogre
 10384 | D:8      | Reached skill level 1 in Fighting
 10384 | D:8      | Reached skill level 5 in Dodging
 10594 | D:6      | Found a staircase to the Ecumenical Temple.
 10683 | Temple   | Entered the Ecumenical Temple
 10909 | D:6      | Found a sacrificial altar of Ru.
 10909 | D:6      | Found a bloodstained altar of Trog.
 11051 | D:6      | Found a shimmering altar of Xom.
 11081 | D:6      | Noticed kohrah's ghost (novice DEAE)
 11097 | D:6      | Killed kohrah's ghost
 11237 | D:6      | Reached XP level 10. HP: 46/46 MP: 6/22
 12212 | D:7      | Reached * piety under Dithmenos
 13237 | D:8      | Reached ** piety under Dithmenos
 13532 | D:8      | Found a staircase to the Lair.
 13533 | D:8      | Noticed an elephant
 13551 | D:8      | Reached skill level 16 in Stealth
 13791 | D:8      | Killed an elephant
 14142 | D:9      | Reached skill level 5 in Short Blades
 14948 | D:9      | Reached XP level 11. HP: 52/52 MP: 25/25
 15045 | D:10     | Entered Level 10 of the Dungeon
 15068 | D:9      | Reached *** piety under Dithmenos
 15489 | D:10     | Noticed a two-headed ogre
 15499 | D:10     | Killed a two-headed ogre
 15682 | D:10     | Found a staircase to the Orcish Mines.
 16337 | D:11     | Found a labyrinth entrance.
 16344 | Lab      | Entered a labyrinth
 16563 | Lab      | Noticed a minotaur
 16589 | Lab      | Slain by a minotaur

Vault maps used:
D:1:      dpeg_arrival_rooms_c, minmay_cupped
D:2:      lemuel_coloured_pillars_altar, old_standard_altar,
          supply_closet_lemuel
D:3:      marbit_many_paths, portal_sewer_entry_e, makhleb_heckhound_becter,
          uniq_grinder, uniq_sigmund
D:4:      first_bread, st_stairs_13, wad_floor_pattern_untrapped,
          minmay_misc_feat_tiny
D:5:      lemuel_crystal_altar
D:6:      old_standard_altar, minitemple, gammafunk_temple_overflow_statue,
          temple_statues
D:7:      minmay_bent
D:8:      david_lair_generic, blue_anna_alchemist, grunt_dithmenos_smoke
D:9:      kennysheep_generic_room_10
D:10:     minmay_orc_entry_guard_dogs
D:11:     lab_entry_generic
Temple:   minmay_temple_curvy_loop
Lab:      labyrinth_watery, lab_hedge, labyrinth_skeletal_remains
Sewer:    sewer_co_tree

Skill      XL: |  1  2  3  4  5  6  7  8  9 10 11 |
---------------+----------------------------------+-----
Spellcasting   | 3 5 6 7 9 |  9.7
Hexes          | 4 5 6 7 9 |  9.5
Stealth        | 5 9 14 15 16 | 16.7
Dodging        | 5 7 8 |  8.5
Fighting       | 2 3 4 |  4.0
Short Blades   | 3 5 6 |  6.3

Action                   |  1- 3 |  4- 6 |  7- 9 | 10-12 || total
-------------------------+-------+-------+-------+-------++-------
Melee: Dagger            |   122 |   175 |   332 |   347 ||   976
 Cast: Corona            |    12 |       |       |     1 ||    13
       Ensorcelled Hiber |     9 |    13 |    32 |    48 ||   102
       Confuse           |     1 |     5 |    45 |    43 ||    94
       Tukima's Dance    |       |       |     2 |       ||     2
       Dazzling Spray    |       |       |       |    14 ||    14
  Use: Scroll            |     8 |     4 |     6 |     6 ||    24
       Potion            |     1 |     2 |     1 |     5 ||     9
 Stab: Sleeping          |    17 |     5 |    43 |    67 ||   132
       Confused          |     1 |     3 |    18 |    24 ||    46
       Invisible         |       |     2 |       |     3 ||     5
       Distracted        |       |       |       |     1 ||     1
  Eat: Royal jelly       |       |     3 |       |     1 ||     4
       Bread ration      |       |       |     1 |       ||     1
       Fruit             |       |       |       |     8 ||     8
Armor: Robe              |    28 |    22 |    26 |    24 ||   100
Dodge: Dodged            |   122 |   116 |   207 |   302 ||   747
       Deflected         |       |     1 |     3 |     4 ||     8

Table legend:
 A = Spawn XP
 B = Non-spawn XP
 C = Spawn XP percentage of total XP
 D = Spawn monster count
 E = Non-spawn monster count
 F = Spawn count percentage of total count
 G = Total turns spent on level
                    A         B        C        D         E        F      G
               +---------+---------+-------+---------+---------+-------+---------
         Total |       0 |   15814 |   0.0 |       0 |     287 |   0.0 | 16589
               +---------+---------+-------+---------+---------+-------+---------
           D:1 |       0 |      33 |   0.0 |       0 |      20 |   0.0 |  1879
           D:2 |       0 |      47 |   0.0 |       0 |      16 |   0.0 |  1076
           D:3 |       0 |     924 |   0.0 |       0 |      33 |   0.0 |  1509
           D:4 |       0 |     668 |   0.0 |       0 |      23 |   0.0 |  1467
           D:5 |       0 |     922 |   0.0 |       0 |      20 |   0.0 |  1651
           D:6 |       0 |     992 |   0.0 |       0 |      18 |   0.0 |  1124
           D:7 |       0 |     926 |   0.0 |       0 |      23 |   0.0 |  1109
           D:8 |       0 |    3501 |   0.0 |       0 |      38 |   0.0 |  1587
           D:9 |       0 |    2550 |   0.0 |       0 |      40 |   0.0 |  1217
          D:10 |       0 |    3952 |   0.0 |       0 |      27 |   0.0 |  1129
          D:11 |       0 |     526 |   0.0 |       0 |       1 |   0.0 |    27
         Sewer |       0 |     773 |   0.0 |       0 |      28 |   0.0 |  2359
               +---------+---------+-------+---------+---------+-------+---------
